 Dungeon Crawl Stone Soup version 0.31.0-12-g77e489cdc1 (webtiles) character file.

Game seed: 16228229576950814586

179 Killerpretzel the Changeling (level 5, 0/35 HPs)
             Began as an Octopode Shapeshifter on Mar 6, 2024.
             Slain by a phantom (8 damage)
             ... on level 4 of the Dungeon.
             The game lasted 00:02:56 (2644 turns).

Killerpretzel the Changeling (OpSh)                 Turns: 2644, Time: 00:02:57

Health: 0/35       AC:  1    Str: 13    XL:     5   Next: 59%
Magic:  5/5        EV: 13    Int: 16    God:
Gold:   94         SH:  0    Dex: 13    Spells: 4/4 levels left

rFire   + . .        d - +0 lajatang "Ostriv" {freeze, rElec rF+ Int+3 Stlth-}
rCold   . . .        (shield currently unavailable)
rNeg    + . .        (helmet currently unavailable)
rPois   .            (no amulet)
rElec   +            l - ring of positive energy
rCorr   .            (no ring)
SInv    .            (no ring)
Will    .....        (no ring)
Stlth   +            (no ring)
HPRegen 0.25/turn    (no ring)
MPRegen 0.09/turn    (no ring)
                     (no ring)

%: no passive effects
@: beast-form
A: beast (slay +2), almost no armour, amphibious, 8 rings, camouflage 1,
gelatinous body 1, (nimble swimmer 1), tentacles
a: Begin Untransformation


You were on level 4 of the Dungeon.
You were a hulking beast.
You visited 1 branch of the dungeon, and saw 4 of its levels.

You collected 94 gold pieces.

Inventory:

Hand Weapons
 d - the +0 lajatang "Ostriv" (weapon) {freeze, rElec rF+ Int+3 Stlth-}
   (You found it on level 4 of the Dungeon)

   Int+3:     It affects your intelligence (+3).
   rF+:       It protects you from fire.
   rElec:     It insulates you from electricity.
   Stlth-:    It makes you less stealthy.
Jewellery
 l - a ring of positive energy (left tentacle)
Talismans
 b - a beast talisman
 c - a flux talisman
Scrolls
 n - a scroll of teleportation
Potions
 a - a potion of lignification
 e - a potion of might
 f - a potion of curing
 g - a potion of haste {unknown}
 h - a potion of invisibility
 i - a potion of enlightenment
 j - a potion of brilliance {unknown}
 m - a potion of mutation {unknown}


   Skills:
 + Level 2.4 Fighting
 + Level 3.0 Dodging
 + Level 3.8 Unarmed Combat
 * Level 4.2 Shapeshifting


You had 4 spell levels left.
You didn't know any spells.
Your spell library contained the following spells:

 Spells                   Type           Power      Damage    Failure   Level
 Dazzling Flash           Conj/Hex       0%         N/A       58%         3
 Mephitic Cloud           Conj/Alch/Air  0%         N/A       58%         3
 Curse of Agony           Necr           0%         N/A       100%        5
 Silence                  Hex/Air        0%         N/A       100%        5


Dungeon Overview and Level Annotations

Branches:
Dungeon (4/15)
 Temple: D:4-7

Altars:

Shops:
D:1 (

Annotations:
D:3 Grinder


Innate Abilities, Weirdness & Mutations

You are a hulking beast.
Your limbs bulge with bestial killing power. (Slay +2)
You cannot wear most types of armour.
You are amphibious.
You can wear up to eight rings at the same time.
Your skin changes colour to match your surroundings (Stealth+).
Your rubbery body absorbs attacks. (AC +1, EV +1)
((You are camouflaged when in or above water. (Stealth+)))
You have tentacles for arms and can constrict up to eight enemies at once.


Message History

No target in view!
No target in view!
No target in view!
No target in view!
You see here a dart slug corpse.
g - a fuming purple potion No target in view!
No target in view!
No target in view!
No target in view!
No target in view!
No target in view!
No target in view!
No target in view!
No target in view!
No target in view!
You see here a dart slug corpse.
There is an open door here.
A phantom comes into view.
The phantom hits you!
You barely miss the phantom. The phantom barely misses you.
The phantom closely misses you.
You closely miss the phantom. The phantom misses you.
You hit the phantom but do no damage. Your squeeze misses the phantom.
The phantom hits you. The phantom hits you!
You barely miss the phantom. The phantom hits you!
The phantom blinks!
You blink.
You slash the phantom!
The phantom is heavily damaged.
The phantom hits you.
You barely miss the phantom.
The phantom is heavily damaged.
The phantom hits you.
* * * LOW HITPOINT WARNING * * *
The phantom blinks!
You blink.
The phantom barely misses you.
You closely miss the phantom.
Your tentacle-slap misses the phantom.
Your squeeze misses the phantom.
The phantom is heavily damaged.
The phantom hits you!
You die...

##.....## #..[....#
#...†...## #.......#.
##.....##. ##...####
##+#######+#######'##.##
........W...............
.......h................
........§...............
##+#######+#######'##...
##...##.. ##.....##.
#.......#. #.......#.
#.......#. ##.....##.


You could see a phantom.

Vanquished Creatures
  A bombardier beetle (D:4)
  An orc priest (D:3)
  An orc wizard (D:3)
  2 adders
  2 dart slugs
  A ribbon worm (D:2)
  7 orcs (D:3)
  3 ball pythons
  5 bats
  9 endoplasms
  2 giant cockroaches
  3 goblins
  4 hobgoblins
  4 jackals (D:1)
  3 quokkas
  3 frilled lizards
  A kobold (D:1)
  4 rats
56 creatures vanquished.

Notes
Turn   | Place    | Note
-------+----------+-------------------------------------------
     0 | D:1      | Killerpretzel the Octopode Shapeshifter began the quest for
                  | the Orb.
     0 | D:1      | Reached XP level 1. HP: 13/13 MP: 1/1
   136 | D:1      | Reached XP level 2. HP: 8/18 MP: 2/2
   346 | D:1      | Found Ufagar's Weapon Boutique.
   869 | D:2      | Reached XP level 3. HP: 19/23 MP: 3/3
  1807 | D:3      | Reached XP level 4. HP: 29/29 MP: 4/4
  1808 | D:3      | Noticed Grinder
  1895 | D:3      | Found a faded altar of an unknown god.
  2012 | D:3      | Reached skill level 4 in Shapeshifting
  2012 | D:3      | Reached XP level 5. HP: 4/34 MP: 5/5
  2499 | D:4      | Identified the +0 lajatang "Ostriv" {freeze, rElec rF+
                  | Int+3 Stlth-}
  2634 | D:4      | Noticed a phantom
  2644 | D:4      | Slain by a phantom

Illustrated notes

Levels and vault maps discovered:
D:1:      saegor_arrival_simple_b, layout_basic, serial_co_window_serial,
          co_window_corner_a, co_window_of_opportunity_a, co_window_paths_a,
          co_window_paths_a, co_window_corner_a, co_window_corner_b,
          co_window_of_opportunity_b, co_window_corner_cb, co_window_corner_cb,
          co_window_unsneaky_path_b, glass_columns_c, glass_columns_a,
          glass_columns_c, glass_columns_c, glass_columns_a, serial_shops,
          shop_statue, corexii_item_surrounded_by_moat, st_stairs_7
D:2:      layout_basic
D:3:      layout_basic, hellmonk_ecumenical_altar_run_dry, uniq_grinder
D:4:      kennysheep_six_static_rooms, layout_cave_pools,
          nicolae_figureground_pulse

Skill      XL: |  1  2  3  4  5 |
---------------+----------------+-----
Fighting       | 2 |  2.4
Shapeshifting  | 4 |  4.2
Dodging        | 3 |  3.0
Unarmed Combat | |  3.8

Action                     |  1- 3 |  4- 6 || total
---------------------------+-------+-------++-------
  Melee: Unarmed           |    76 |    31 ||   107
         Tentacles         |    15 |    11 ||    26
         Constrict         |    14 |    10 ||    24
         Punch             |     2 |     3 ||     5
         Lajatang          |       |    13 ||    13
    Use: Scroll            |     9 |       ||     9
   Stab: Sleeping          |     6 |     2 ||     8
 Armour: Skin              |    28 |    18 ||    46
  Dodge: Dodged            |    43 |    15 ||    58
